 Dungeon Crawl Stone Soup version 0.14-a0-1817-gb992dfe (webtiles) character file.

1568 Caerthir the Grappler (level 8, -1/74 HPs)
             Began as a Troll Monk on Jan 9, 2014.
             Was a Believer of Ashenzari.
             Slain by an orc warrior
             ... wielding a +0,+2 orcish halberd of dragon slaying
              (19 damage)
             ... on Level 6 of the Dungeon.
             The game lasted 00:20:38 (4185 turns).

Caerthir the Grappler (Troll Monk)                  Turns: 4185, Time: 00:20:39

HP  -1/74        AC  4     Str 22      XL: 8   Next: 36%
MP   3/3         EV 12     Int  6      God: Ashenzari [**....]
Gold 217         SH  0     Dex 17      Spells:  0 memorised,  7 levels left

rFire  . . .     SeeInvis +     B - +0 giant club (curse)
rCold  . . .     Clarity  .     a - +0 robe (curse)
rNeg   . . .     Conserve .     (shield restricted)
rPois  .         rCorr    .     (helmet restricted)
rElec  .         rRot     .     F - -2 cloak (curse)
SustAb . .       Spirit   .     (gloves unavailable)
rMut   .         Warding  .     (boots unavailable)
Gourm  +         Stasis   .     (no amulet)
                                n - cursed +5 ring of dexterity
                                D - cursed ring of see invisible

@: slightly resistant to hostile enchantments, fairly stealthy
A: unfitting armour, claws 3, fast metabolism 3, gourmand, regeneration 2,
saprovore 2, shaggy fur 1, tough skin 2
a: Renounce Religion


You were on level 6 of the Dungeon.
You worshipped Ashenzari.
Ashenzari was pleased with you.
You were hungry.

You visited 2 branches of the dungeon, and saw 7 of its levels.

You collected 217 gold pieces.

Inventory:

Hand weapons
 q - the +9,+4 spear of the Demagogue {pierce, rN+ MR++ Int-2}
   (You took it off a centaur on level 5 of the Dungeon)

   It inflicts extra damage upon your enemies.
   It affects your intelligence (-2).
   It protects you from negative energy.
   It affects your resistance to hostile enchantments.
 B - a cursed +0,+0 giant club (weapon)
Armour
 a - a cursed +0 robe (worn)
 F - a cursed -2 cloak (worn)
Magical devices
 u - a wand of fireball (3)
 C - a wand of slowing (13)
Comestibles
 b - 7 meat rations
 s - a choko
 x - 4 bread rations
 z - a banana
 A - an apple
Scrolls
 c - 3 scrolls of noise {unknown}
 e - 3 scrolls of identify {unknown}
 h - 3 scrolls of enchant weapon II {unknown}
 m - 4 scrolls of remove curse
 o - 2 scrolls of teleportation {unknown}
 p - a scroll of fog {unknown}
 v - a scroll of amnesia {unknown}
 y - 2 scrolls of curse weapon
 E - a scroll of magic mapping {unknown}
 G - a scroll of curse armour
Jewellery
 l - an uncursed ring of positive energy
 n - a cursed +5 ring of dexterity (right claw)
 D - a cursed ring of see invisible (left claw)
 H - an uncursed ring of sustenance
Potions
 d - 7 potions of curing {unknown}
 f - 2 potions of heal wounds {unknown}
 i - 2 potions of brilliance {unknown}
 j - 2 potions of might {unknown}
 k - 3 potions of paralysis {unknown}
 r - a potion of agility {unknown}
 t - 2 potions of magic {unknown}
 w - a potion of confusion {unknown}
Books
 g - a book of Wizardry

   Spells                             Type                      Level
   Summon Elemental                   Summoning                    4
   Agony                              Necromancy                   5
   Force Lance                        Conjuration                  5
   Fireball                           Conjuration/Fire             5
   Haste                              Charms                       6
   Invisibility                       Hexes                        6


   Skills:
 - Level 2.4 Fighting
 + Level 4.7(7.6) Maces & Flails
 - Level 2.4(3.6) Dodging
 - Level 1.1(2.0) Stealth
 - Level 9.6 Unarmed Combat


You had 7 spell levels left.
You didn't know any spells.

Dungeon Overview and Level Annotations

Branches:
Dungeon (6/16)             Temple (1/1) D:5

Altars:
Ashenzari
Cheibriados
Elyvilon
Fedhas
Kikubaaqudgha
Nemelex Xobeh
Okawaru
Sif Muna
Trog
Xom
Yredelemnul
Zin

Shops:
D:5 =


Innate Abilities, Weirdness & Mutations

You are too large for most types of armour.
You have claws for hands.
Your metabolism is lightning-fast.
You like to eat raw meat.
You heal very quickly.
You can eat rotten meat.
You are covered in fur (AC +1).
You have very tough skin (AC +2).


Message History

The orc warrior picks up 15 stones.
The orc warrior throws a stone.
The stone hits you!
You see here a stone.
The orc warrior throws a stone.
The stone misses you.
The orc warrior throws a stone.
The stone misses you. The orc hits you but does no damage.
The orc warrior throws a stone.
The stone hits you!
You bludgeon the orc!!
You kill the orc!
You are feeling hungry.
The orc hits you with an orcish war axe!
You sock the orc!
You kill the orc!
The orc warrior hits you with an orcish halberd of dragon slaying!
* * * LOW HITPOINT WARNING * * *
Things that are here:
a -1,+1 orcish war axe; an orc corpse; a cursed -1,-3 orcish dagger You hit the orc warrior but do no damage.
The orc warrior hits you with an orcish halberd of dragon slaying!
You die...

..........## ##.....##*.. *
.o.........## ##.....## ,
............###.....## *# ,
.............#.......## #.., ,
...(..................###....
.......................#.....,
.............................
.....(........................
,
...............o@.............
...................<<<........
#############################
*


You could see an orc warrior.

Vanquished Creatures
  Eustachio (D:4)
  Menkaure (D:4)
  An ogre (D:4)
  A centaur (D:5)
  2 phantoms
  Sigmund (D:6)
  A giant frog (D:5)
  A vampire bat (D:5)
  3 crimson imps
  Crazy Yiuf (D:4)
  2 orc wizards (D:5)
  A scorpion (D:6)
  2 orc priests (D:6)
  A worker ant (D:6)
  Jessica (D:3)
  An ogre skeleton (D:6)
  Terence (D:3)
  7 adders
  A worm (D:2)
  An iguana skeleton (D:5)
  3 fire bats (D:5)
  A giant eyeball (D:6)
  A giant gecko (D:1)
  2 oozes
  8 orcs
  2 spectral bats (D:5)
  3 bat skeletons (D:5)
  A bat zombie (D:5)
  4 goblins
  10 hobgoblins
  8 jackals
  A quokka (D:4)
  19 bats
  A bat simulacrum (D:5)
  5 giant cockroaches
  4 giant newts
  10 kobolds
  An orc skeleton (D:5)
  8 rats
  A rat skeleton (D:5)
124 creatures vanquished.

Vanquished Creatures (others)
  A human (D:4)
1 creature vanquished.

Grand Total: 125 creatures vanquished

Notes
Turn   | Place    | Note
--------------------------------------------------------------
     0 | D:1      | Caerthir, the Troll Monk, began the quest for the Orb.
     0 | D:1      | Reached XP level 1. HP: 22/22 MP: 1/1
   216 | D:1      | Reached XP level 2. HP: 21/29 MP: 1/1
   804 | D:2      | Reached skill level 5 in Unarmed Combat
   804 | D:2      | Reached XP level 3. HP: 34/36 MP: 2/2
  1080 | D:2      | Reached XP level 4. HP: 42/44 MP: 2/2
  1338 | D:3      | Found an iron altar of Okawaru.
  1342 | D:3      | Noticed Jessica
  1351 | D:3      | Killed Jessica
  1351 | D:3      | Reached skill level 6 in Unarmed Combat
  1639 | D:3      | Reached XP level 5. HP: 39/50 MP: 2/2
  1658 | D:3      | Noticed Terence
  1673 | D:3      | Killed Terence
  2149 | D:4      | Found an ancient bone altar of Kikubaaqudgha.
  2179 | D:4      | Noticed Eustachio
  2205 | D:4      | Killed Eustachio
  2205 | D:4      | Reached skill level 7 in Unarmed Combat
  2205 | D:4      | Reached XP level 6. HP: 11/59 MP: 3/3
  2329 | D:4      | Found an ancient bone altar of Kikubaaqudgha.
  2329 | D:4      | Noticed a human
  2333 | D:4      | Killed a human
  2344 | D:4      | Noticed Menkaure
  2358 | D:4      | Killed Menkaure
  2358 | D:4      | Reached skill level 8 in Unarmed Combat
  2444 | D:4      | Noticed an ogre
  2447 | D:4      | Killed an ogre
  2482 | D:4      | Noticed a phantom
  2514 | D:4      | Killed a phantom
  2514 | D:4      | Reached XP level 7. HP: 34/66 MP: 3/3
  2698 | D:4      | Noticed Crazy Yiuf
  2703 | D:4      | Killed Crazy Yiuf
  2830 | D:5      | Entered Level 5 of the Dungeon
  2838 | D:5      | Reached skill level 9 in Unarmed Combat
  3092 | D:5      | Found a staircase to the Ecumenical Temple.
  3110 | Temple   | Entered the Ecumenical Temple
  3149 | Temple   | Became a worshipper of Ashenzari the Shackled
  3149 | Temple   | Acquired Ashenzari's first power
  3165 | D:5      | Identified the +9,+4 spear of the Demagogue {pierce, rN+ MR++ Int-2}
  3262 | D:5      | Found Frovomam's Jewellery Emporium.
  3602 | D:5      | Reached skill level 1 in Maces & Flails
  3701 | D:5      | Reached XP level 8. HP: 63/74 MP: 3/3
  4064 | D:6      | Paralysed by a giant eyeball for 4 turns
  4086 | D:6      | Noticed Sigmund
  4100 | D:6      | Killed Sigmund
  4185 | D:6      | Slain by an orc warrior

Action                   |  1- 3 |  4- 6 |  7- 9 || total
-------------------------+-------+-------+-------++-------
Melee: Unarmed           |   100 |   112 |    36 ||   248
       Giant club        |       |    18 |   154 ||   172
Evoke: Wand              |       |     2 |       ||     2
  Use: Scroll            |       |       |     3 ||     3
 Stab: Sleeping          |     3 |       |     3 ||     6
